 Dungeon Crawl Stone Soup version 0.23.2 (webtiles) character file.

Game seed: 9378946069306997446

138 Chiseanne the Grasshopper (level 5, -3/39 HPs)
             Began as a Demonspawn Wanderer on Apr 8, 2019.
             Splashed by a jelly's acid (10 damage)
             ... on level 3 of the Dungeon.
             The game lasted 00:05:05 (3642 turns).

Chiseanne the Grasshopper (Demonspawn Wanderer)     Turns: 3642, Time: 00:05:06

Health: -3/39      AC: -2    Str: 10    XL:     5   Next: 1%
Magic:  8/8        EV: 12    Int: 18    God:
Gold:   113        SH:  0    Dex: 11    Spells: 6/8 levels left

rFire    + . .     SeeInvis .   a - +1 mace
rCold    . . .     Gourm    .   (no shield)
rNeg     . . .     Faith    .   b - +0 leather armour
rPois    .         Spirit   .   n - +0 helmet
rElec    .         Reflect  .   (no cloak)
rCorr    .         Harm     +   (no gloves)
MR       .....     Rnd*Rage +   (no boots)
Stlth    +.........             i - amulet of harm
HPRegen  0.13/turn              (no ring)
MPRegen  0.11/turn              (no ring)

@: corroded
A: talons 1, berserk 1, fire resistance 1, shaggy fur 1, rot immunity
a: no special abilities


You were on level 3 of the Dungeon.
You were hungry.

You visited 1 branch of the dungeon, and saw 3 of its levels.

You collected 113 gold pieces.

Inventory:

Hand Weapons
 a - a +1 mace (weapon)
Missiles
 d - 77 stones (quivered)
 e - 16 poisoned needles
 k - 46 arrows
 p - 18 sling bullets
Armour
 b - a +0 leather armour (worn)
 n - a +0 helmet (worn)
Jewellery
 i - an amulet of harm (around neck)
 l - a +4 ring of dexterity {unknown}
Wands
 j - a wand of flame (18)
 q - a wand of disintegration (15)
Scrolls
 c - 2 scrolls of teleportation
 m - 3 scrolls of magic mapping
 r - a scroll of remove curse
Potions
 g - a potion of heal wounds
 h - a potion of lignification {unknown}
 o - a potion of agility {unknown}
Comestibles
 f - 7 rations


   Skills:
 * Level 2.5 Fighting
   Level 1.0 Bows
 * Level 2.1 Armour
 * Level 2.0 Dodging
 - Level 1.0 Stealth
 * Level 2.3 Spellcasting
 - Level 3.6 Translocations
 - Level 1.0 Evocations


You had 6 spell levels left.
You knew the following spells:

 Your Spells              Type           Power        Failure   Level  Hunger
a - Blink                 Tloc           N/A          8%          2    ##.....

Your spell library contained the following spells:

 Spells                   Type           Power        Failure   Level  Hunger
 Gell's Gravitas          Tloc           ###.......   16%         3    ###....
 Lesser Beckoning         Tloc           ###.......   16%         3    ###....
 Teleport Other           Tloc           ###.....     16%         3    ###....
 Shroud of Golubria       Chrm/Tloc      #.........   17%         2    ##.....
 Passage of Golubria      Tloc           N/A          45%         4    #####..


Dungeon Overview and Level Annotations

Branches:
Dungeon (3/15)

Altars:
Dithmenos


Innate Abilities, Weirdness & Mutations

You have sharp toenails.
You are immune to rotting.
You tend to lose your temper in combat.
Your flesh is heat resistant. (rF+)
You are covered in fur. (AC +1)


Message History

You barely miss the ooze.
The ooze is almost dead.
The ooze closely misses you.
You sock the ooze!
You kill the ooze!
You have reached level 5!
You thump the jelly! The acid corrodes you!
Your hands burn!
You claw the jelly.
The jelly is severely wounded.
The jelly barely misses you. The jelly hits you.
You are splashed with acid!
You barely miss the jelly. You claw the jelly, but do no damage.
The jelly is severely wounded.
The jelly hits you.
You are splashed with acid!
You hit the jelly.
Your hands burn!
* * * LOW HITPOINT WARNING * * *
The jelly is severely wounded.
The jelly hits you.
* * * LOW HITPOINT WARNING * * *
The acid corrodes you!
You are splashed with acid!
You die...

.# #<# ########## ##
#.# (P.P.÷..÷# #.#
...J.....# #.#
÷..P.....# ###### #.#
...J.J...# .....## #.#
.....J.J.# ......# #.#
..JJ....÷# ......# #.#
#######'# ......#
#.###..@JJ.## ###..##
#)##.########
..#..#####.###..'....#
###........######....#
............##.......#
####.#.....÷##.......#
.........##.##.......#
####.#<#.##.##.......#
#.###.##>###.....##


You could see a jelly and an ooze.

Vanquished Creatures
  A jelly (D:3)
  Robin (D:2)
  2 adders (D:2)
  2 oozes (D:3)
  3 worms (D:2)
  A dart slug (D:1)
  2 leopard geckos (D:2)
  2 giant cockroaches
  5 hobgoblins
  2 jackals (D:2)
  13 kobolds
  3 ball pythons (D:1)
  4 bats
  2 frilled lizards
  9 goblins
  5 rats
57 creatures vanquished.

Vanquished Creatures (others)
  A fungus (D:3)
  11 toadstools (D:3)
12 creatures vanquished.

Grand Total: 69 creatures vanquished

Notes
Turn   | Place    | Note
-------+----------+-------------------------------------------
     0 | D:1      | Chiseanne the Demonspawn Wanderer began the quest for the
                  | Orb.
     0 | D:1      | Chiseanne set off with the following items: a +0 mace, a
                  | scroll of teleportation, a +0 robe, a ration; and the
                  | following spells available to memorise: Blink, Shroud of
                  | Golubria, Gell's Gravitas, Lesser Beckoning, Teleport
                  | Other, Passage of Golubria
     0 | D:1      | Reached XP level 1. HP: 15/15 MP: 2/2
   344 | D:1      | Gained mutation: You have sharp toenails. [demonic
                  | ancestry]
   344 | D:1      | Reached XP level 2. HP: 13/21 MP: 3/3
   919 | D:1      | Learned a level 2 spell: Blink
   973 | D:2      | Gained mutation: Your flesh is heat resistant. (rF+)
                  | [potion of mutation]
   973 | D:2      | Gained mutation: You tend to lose your temper in combat.
                  | [potion of mutation]
   973 | D:2      | Gained mutation: You are covered in fur. (AC +1) [potion of
                  | mutation]
   985 | D:2      | Reached skill level 1 in Dodging
  1284 | D:2      | Reached XP level 3. HP: 18/27 MP: 5/5
  1847 | D:2      | Found a shadowy altar of Dithmenos.
  2242 | D:2      | Noticed Robin
  2283 | D:2      | Gained mutation: You are immune to rotting. [demonic
                  | ancestry]
  2283 | D:2      | Reached XP level 4. HP: 13/33 MP: 7/7
  2643 | D:2      | Killed Robin
  3639 | D:3      | Reached XP level 5. HP: 39/39 MP: 8/8
  3642 | D:3      | Splashed by a jelly's acid

Skill      XL: |  1  2  3  4 |
---------------+-------------+-----
Dodging        | 1 2 |  2.0
Fighting       | 2 |  2.5
Spellcasting   | 2 |  2.3
Armour         | 2 |  2.1
Bows           | |  1.0
Stealth        | |  1.0
Translocations | |  3.6
Evocations     | |  1.0

Action                   |  1- 3 |  4- 6 || total
-------------------------+-------+-------++-------
Melee: Mace              |   138 |    67 ||   205
       Kick              |    16 |    12 ||    28
Evoke: Wand              |       |     2 ||     2
  Use: Potion            |     2 |       ||     2
       Scroll            |     1 |     2 ||     3
 Stab: Sleeping          |     1 |     1 ||     2
  Eat: Chunk             |     4 |     4 ||     8
Armor: Robe              |     4 |       ||     4
       Leather armour    |    41 |    31 ||    72
Dodge: Dodged            |   107 |    64 ||   171
